 Dungeon Crawl Stone Soup version 0.13-a0-2676-gd993d8a (webtiles) character file.

1785 Rycklaryybbe the Quickloader (level 8, -6/56 HPs)
             Began as a Djinni Hunter on Aug 12, 2013.
             Mangled by an ice beast (16 damage)
             ... on Level 6 of the Dungeon.
             The game lasted 00:13:09 (4845 turns).

Rycklaryybbe the Quickloader (Djinni Hunter)        Turns: 4845, Time: 00:13:09

HP  -6/56        AC  9     Str 14      XL: 8   Next: 57%
MP   0/0         EV  9     Int 13      God:
Gold 236         SH  0     Dex 13      Spells:  0 memorised,  7 levels left

Res.Fire  : + + +   See Invis. : .   b - +1 crossbow
Res.Cold  : x . .   Warding    : .   u - +2 ring mail {MR+}
Life Prot.: + + +   Conserve   : .   (no shield)
Res.Poison: .       Res.Corr.  : +   (no helmet)
Res.Elec. : .       Clarity    : .   G - +0 elf cloak
Sust.Abil.: . .     Spirit.Shd : .   (no gloves)
Res.Mut.  : .       Stasis     : .   (boots unavailable)
Res.Rott. : .       Flight     : .   n - amulet of resist corrosion {unknown}
Saprovore : . . .                    (no ring)
                                     (no ring)

@: somewhat resistant to hostile enchantments, unstealthy
A: fire immunity, cold vulnerability, life protection 3
a: no special abilities


You were on level 6 of the Dungeon.
You were not hungry.

You visited 1 branch of the dungeon, and saw 6 of its levels.

You collected 216 gold pieces.

Inventory:

Hand weapons
 a - a +0,+1 orcish trident
 b - a +1,+1 crossbow (weapon)
 r - a +0,+0 short sword
 x - a -1,+0 orcish sabre
Missiles
 c - 52 bolts (quivered)
Armour
 d - a +0 leather armour
 q - a +0 cloak
 u - a +2 ring mail of magic resistance (worn)
 v - a +0 elven cloak
 G - a +0 elven cloak (worn)
Magical devices
 I - a wand of flame (9) {unknown}
Comestibles
 m - an apple
 F - a lychee
Scrolls
 e - a scroll of noise {unknown}
 g - 2 scrolls of random uselessness {unknown}
 h - 4 scrolls of remove curse {unknown}
 i - 4 scrolls of teleportation {unknown}
 l - a scroll of fear {unknown}
 t - 4 scrolls of identify {unknown}
 w - 4 scrolls of magic mapping {unknown}
 y - a scroll of recharging {unknown}
 B - 2 scrolls of enchant weapon II {unknown}
 C - a scroll of curse weapon {unknown}
 D - 4 scrolls of enchant weapon I {unknown}
 H - a scroll of curse jewellery {unknown}
 J - a scroll of blinking {unknown}
 K - a scroll of enchant weapon III {unknown}
Jewellery
 n - an amulet of resist corrosion (around neck) {unknown}
Potions
 f - a potion of paralysis {unknown}
 j - 2 potions of slowing {unknown}
 k - a potion of confusion {unknown}
 o - 2 potions of restore abilities
 p - 2 potions of curing
 s - a potion of brilliance {unknown}
 z - 2 potions of flight {unknown}
 A - a potion of might {unknown}
 E - a potion of mutation {unknown}


   Skills:
 - Level 0.8 Fighting
 - Level 10.0 Crossbows
 + Level 5.9 Armour
 - Level 1.7 Dodging
 - Level 0.7 Stealth


You had 7 spell levels left.
You didn't know any spells.

Dungeon Overview and Level Annotations

Branches:
Dungeon (6/27)
 Temple: D:4-7          Orc: D:6-11

Altars:
Trog
Xom
Zin

Shops:
D:4: =


Innate Abilities, Weirdness & Mutations

You are immune to all types of fire, even holy and hellish.
You are vulnerable to cold.
You need no food.
You have no legs.
You are immune to negative energy.


Message History

Ouch! That really hurt!
* * * LOW HITPOINT WARNING * * *
The ice beast hits you but does no damage.
Firing (i - inventory):
c - 53 bolts (quivered)
Press: ? - help, Shift-Dir - straight line, f/p - ice beast
Aim: an ice beast (lightly wounded)
Okay, then.
There is an open door here.
Drink which item? (? for menu, Esc to quit)
Okay, then.
There is an open door here.
Firing (i - inventory):
c - 53 bolts (quivered)
Press: ? - help, Shift-Dir - straight line, f/p - ice beast
Aim: an ice beast (lightly wounded)
You shoot a bolt. The bolt hits the ice beast.
The ice beast is heavily wounded.
The ice beast hits you.
* * * LOW HITPOINT WARNING * * *
The ice beast freezes you!
You feel a terrible chill!
You die...

#........# #..##.#
#........# #.....####
#........# #.........
#........# ###......###
#........# #..^...#.#
#........# ###.#......# ####
#........# #...#..#.###
.....###....######.###....#
....((.'....'.(I@.>........
.....###....################
.((. #....# <.. ###### .. .


You could see an ice beast.

Vanquished Creatures
  The ghost of DaftWullie the Cutter, an experienced KoBe of Trog (D:4)
  A sky beast (D:5)
  A phantom (D:4)
  2 ice beasts (D:5)
  The ghost of Bikalo the Poker, an average DsCK of Xom (D:3)
  A centaur (D:5)
  Duvessa (D:4)
  A giant frog (D:6)
  A hippogriff skeleton (D:5)
  A crimson imp (D:4)
  Dowan (D:4)
  2 hounds (D:4)
  2 orc wizards (D:2)
  3 worker ants
  2 iguanas (D:5)
  Ijyb (D:3)
  Terence (D:2)
  8 gnolls
  5 adders
  A giant mite (D:3)
  4 worms
  An adder skeleton (D:5)
  An iguana skeleton (D:3)
  2 giant geckos
  2 oozes
  9 orcs
  12 bats
  4 giant cockroaches
  8 goblins
  11 hobgoblins
  3 quokkas
  A ball python (D:1)
  3 giant newts
  A giant spore (D:6)
  A hobgoblin skeleton (D:5)
  3 jackals (D:1)
  5 kobolds
  7 rats
115 creatures vanquished.

Vanquished Creatures (others)
  5 toadstools (D:1)
5 creatures vanquished.

Grand Total: 120 creatures vanquished

Notes
Turn   | Place    | Note
--------------------------------------------------------------
     0 | D:1      | Rycklaryybbe, the Djinni Hunter, began the quest for the Orb.
     0 | D:1      | Reached XP level 1. HP: 14/14 MP: 0/0
   235 | D:1      | Reached XP level 2. EP: 20/20
   481 | D:1      | Found a shimmering altar of Xom.
   481 | D:1      | Found a shimmering altar of Xom.
   484 | D:1      | Found a shimmering altar of Xom.
   485 | D:1      | Found a shimmering altar of Xom.
   485 | D:1      | Found a shimmering altar of Xom.
   787 | D:2      | Found a glowing silver altar of Zin.
   864 | D:2      | Noticed Terence
   871 | D:2      | Killed Terence
   871 | D:2      | Reached skill level 5 in Crossbows
   871 | D:2      | Reached XP level 3. EP: 26/26
  1147 | D:2      | Found a bloodstained altar of Trog.
  1270 | D:2      | Reached XP level 4. EP: 14/32
  1399 | D:3      | Noticed Ijyb
  1405 | D:3      | Killed Ijyb
  1405 | D:3      | Reached skill level 6 in Crossbows
  1714 | D:3      | Noticed Bikalo's ghost (average DsCK)
  1752 | D:3      | Killed Bikalo's ghost
  1752 | D:3      | Reached XP level 5. EP: 36/38
  2086 | D:3      | Reached skill level 7 in Crossbows
  2370 | D:4      | Noticed DaftWullie's ghost (experienced KoBe)
  2425 | D:4      | Found Skucwut's Jewellery Boutique.
  2441 | D:4      | Reached XP level 6. EP: 20/44
  2550 | D:4      | Noticed a phantom
  2560 | D:4      | Killed a phantom
  2569 | D:4      | Reached skill level 8 in Crossbows
  2933 | D:4      | Noticed Duvessa
  2934 | D:4      | Noticed Dowan
  2949 | D:4      | Killed Duvessa
  2949 | D:4      | Reached XP level 7. EP: 37/50
  2957 | D:4      | Killed Dowan
  3206 | D:4      | Killed DaftWullie's ghost
  3206 | D:4      | Reached skill level 9 in Crossbows
  3384 | D:5      | Entered Level 5 of the Dungeon
  3488 | D:5      | Reached skill level 10 in Crossbows
  3856 | D:5      | Reached XP level 8. EP: 54/56
  3915 | D:5      | Reached skill level 1 in Armour
  4758 | D:5      | Reached skill level 5 in Armour
  4845 | D:6      | Mangled by an ice beast

Action                   |  1- 3 |  4- 6 |  7- 9 || total
-------------------------+-------+-------+-------++-------
Melee: Trident           |       |   164 |   122 ||   286
 Fire: Crossbow          |    42 |    42 |    78 ||   162
  Use: Potion            |       |       |     2 ||     2
 Stab: Sleeping          |       |     2 |       ||     2
       Distracted        |       |     1 |       ||     1
